 Dungeon Crawl Stone Soup version 0.24-a0-433-gbe6fa4f6cc (webtiles) character file.

Game seed: 1740406049162240243

441 Holzbalken the Cudgeler (level 6, -1/44 HPs)
             Began as a Demonspawn Gladiator on June 14, 2019.
             Slain by an orc
             ... wielding a +0 flail
              (5 damage)
             ... on level 5 of the Dungeon.
             The game lasted 00:12:55 (3936 turns).

Holzbalken the Cudgeler (Demonspawn Gladiator)      Turns: 3936, Time: 00:12:55

Health: -1/44      AC:  7    Str: 16    XL:     6   Next: 70%
Magic:  6/6        EV: 13    Int:  9    God:
Gold:   228        SH:  0    Dex: 19    Spells: 5/5 levels left

rFire    . . .     SeeInvis .   y - +0 short sword
rCold    . . .     Gourm    .   (no shield)
rNeg     . . .     Faith    .   b - +0 leather armour
rPois    .         Spirit   .   c - +0 helmet
rElec    .         Reflect  .   C - +0 cloak
rCorr    .         Harm     .   n - +1 pair of gloves
MR       .....                  (no boots)
Stlth    ++++......             (no amulet)
HPRegen  0.14/turn              (no ring)
MPRegen  0.10/turn              (no ring)

@: no status effects
A: thin skeletal structure 2, nightstalker 1
a: no special abilities


You were on level 5 of the Dungeon.
You were not hungry.

You visited 1 branch of the dungeon, and saw 5 of its levels.

You collected 228 gold pieces.

Inventory:

Hand Weapons
 a - a +0 flail
 w - a +0 morningstar
 y - a +0 short sword (weapon)
Missiles
 d - 3 throwing nets (quivered)
 u - 5 curare-tipped darts
Armour
 b - a +0 leather armour (worn)
 c - a +0 helmet (worn)
 i - a +0 ring mail
 n - a +1 pair of gloves (worn)
 C - a +0 cloak (worn)
Jewellery
 B - an uncursed ring of flight {unknown}
Wands
 j - a wand of clouds (6)
 r - a wand of polymorph (11)
Scrolls
 h - 2 scrolls of fear {unknown}
 k - 3 scrolls of identify {unknown}
 p - a scroll of enchant weapon {unknown}
 x - a scroll of teleportation {unknown}
 z - 2 scrolls of amnesia {unknown}
 A - a scroll of remove curse {unknown}
Potions
 e - 3 potions of flight
 g - a potion of invisibility {unknown}
 l - 2 potions of heal wounds {unknown}
 m - 2 potions of curing
 o - a potion of berserk rage {unknown}
 q - a potion of brilliance {unknown}
 s - a potion of mutation {unknown}
 t - 2 potions of lignification {unknown}
 v - a potion of agility {unknown}
Comestibles
 f - 12 rations
 D - 4 chunks of flesh


   Skills:
 - Level 2.0 Fighting
 * Level 1.8 Short Blades
 - Level 6.2 Maces & Flails
 - Level 1.7 Throwing
 + Level 3.1 Dodging
 + Level 1.3 Stealth


You had 5 spell levels left.
You didn't know any spells.
Your spell library was empty.

Dungeon Overview and Level Annotations

Branches:
Dungeon (5/15)
 Temple: D:4-7

Altars:
Ashenzari
Fedhas


Innate Abilities, Weirdness & Mutations

You have a moderately thin skeletal structure. (Dex +4, Stealth+)
You are slightly more attuned to the shadows.


Message History

You hit the orc but do no damage.
The orc is severely wounded.
The orc hits you with a cursed +0 club.
* * * LOW HITPOINT WARNING * * *
You hit the orc but do no damage.
The orc is severely wounded.
The orc hits you with a cursed +0 club.
* * * LOW HITPOINT WARNING * * *
You hit the orc but do no damage.
The orc is severely wounded.
The orc barely misses you.
You hit the orc but do no damage.
The orc is severely wounded.
The orc barely misses you.
You hit the orc.
You kill the orc!
You hit the orc.
The orc is almost dead.
The orc hits you with a +0 flail.
You die...

#########.
#.o@......
##)########
#.....#
#####.....#
..........#
..........###
..............
.....[........
######รท###.....


You could see an orc.

Vanquished Creatures
  A scorpion (D:4)
  Jessica (D:2)
  Natasha (thrice) (D:2)
  Terence (D:2)
  A worker ant (D:4)
  An orc wizard (D:5)
  A killer bee zombie (D:5)
  A howler monkey skeleton (D:4)
  8 adders
  An adder skeleton (D:4)
  3 worms
  A dart slug (D:2)
  4 leopard geckos
  8 orcs
  2 giant cockroaches
  10 goblins
  9 hobgoblins
  9 jackals
  A quokka (D:2)
  4 ball pythons
  9 bats
  3 frilled lizards
  A jackal skeleton (D:4)
  4 kobolds
  6 rats
93 creatures vanquished.

Notes
Turn   | Place    | Note
-------+----------+-------------------------------------------
     0 | D:1      | Holzbalken the Demonspawn Gladiator began the quest for the
                  | Orb.
     0 | D:1      | Reached XP level 1. HP: 16/16 MP: 1/1
    73 | D:1      | Reached skill level 3 in Maces & Flails
   119 | D:1      | Gained mutation: You have a somewhat thin skeletal
                  | structure. (Dex +2, Stealth) [demonic ancestry]
   119 | D:1      | Reached XP level 2. HP: 18/22 MP: 2/2
   702 | D:2      | Noticed Natasha
   713 | D:2      | Killed Natasha
   713 | D:2      | Reached skill level 4 in Maces & Flails
   713 | D:2      | Reached XP level 3. HP: 23/27 MP: 3/3
   769 | D:2      | Noticed Natasha
   772 | D:2      | Noticed Terence
   782 | D:2      | Killed Natasha
   782 | D:2      | Reached XP level 4. HP: 27/33 MP: 4/4
   795 | D:2      | Noticed Jessica
   800 | D:2      | Noticed Natasha
   804 | D:2      | Killed Jessica
   813 | D:2      | Killed Terence
   813 | D:2      | Reached skill level 5 in Maces & Flails
   815 | D:2      | Killed Natasha
   815 | D:2      | Gained mutation: You have a moderately thin skeletal
                  | structure. (Dex +4, Stealth+) [demonic ancestry]
   815 | D:2      | Reached XP level 5. HP: 28/38 MP: 5/5
  1353 | D:3      | Found a shattered altar of Ashenzari.
  1582 | D:3      | Found a blossoming altar of Fedhas.
  1963 | D:3      | Reached skill level 6 in Maces & Flails
  2421 | D:3      | Gained mutation: You are slightly more attuned to the
                  | shadows. [demonic ancestry]
  2421 | D:3      | Reached XP level 6. HP: 44/44 MP: 6/6
  3069 | D:4      | Reached skill level 1 in Short Blades
  3428 | D:4      | Reached skill level 1 in Stealth
  3663 | D:5      | Entered Level 5 of the Dungeon
  3936 | D:5      | Slain by an orc

Levels and vault maps discovered:
D:1:      nzn_arrival_depleted_hourglass, layout_basic, serial_curves,
          eino_curves_01, eino_curves_03
D:2:      layout_rooms, uniq_natasha, uniq_jessica, uniq_terence
D:3:      layout_loops_ring, old_standard_altar, fedhas_altar_1
D:4:      layout_rooms, first_ration
D:5:      layout_basic

Skill      XL: |  1  2  3  4  5  6 |
---------------+-------------------+-----
Maces & Flails | 3 4 5 6 |  6.2
Short Blades   | 1 |  1.8
Dodging        | 3 |  3.1
Stealth        | 1 |  1.3
Fighting       | |  2.0
Throwing       | |  1.7

Action                   |  1- 3 |  4- 6 || total
-------------------------+-------+-------++-------
Melee: Flail             |    71 |   124 ||   195
       Unarmed           |       |    16 ||    16
       Morningstar       |       |    20 ||    20
       Short sword       |       |   151 ||   151
  Use: Potion            |       |     2 ||     2
 Stab: Sleeping          |     2 |    12 ||    14
       Distracted        |       |     1 ||     1
  Eat: Chunk             |       |    10 ||    10
Armor: Leather armour    |    29 |    88 ||   117
Dodge: Dodged            |    61 |   220 ||   281

Table legend:
 A = Non-vault XP
 B = Vault XP
 C = Vault XP percentage of total XP
 D = Non-vault monster count
 E = Vault monster count
 F = Vault count percentage of total count
                 A         B        C        D         E       F
            +---------+---------+-------+---------+---------+-------
      Total |     521 |     109 |  17.3 |      90 |       3 |   3.2
            +---------+---------+-------+---------+---------+-------
        D:1 |      34 |       0 |   0.0 |      19 |       0 |   0.0
        D:2 |     133 |     109 |  45.0 |      27 |       3 |  10.0
        D:3 |     117 |       0 |   0.0 |      20 |       0 |   0.0
        D:4 |     158 |       0 |   0.0 |      16 |       0 |   0.0
        D:5 |      79 |       0 |   0.0 |       8 |       0 |   0.0
            +---------+---------+-------+---------+---------+-------
